 Dungeon Crawl Stone Soup version 0.20.0-15-g7f486f2 (webtiles) character file.

242 vishdafish the Shield-Bearer (level 6, -3/38 HPs)
             Began as a Gargoyle Fighter on June 19, 2017.
             Killed by divine providence
             ... invoked by an orc priest
              (10 damage)
             ... on level 3 of the Dungeon.
             The game lasted 00:04:09 (2516 turns).

vishdafish the Shield-Bearer (Gargoyle Fighter)     Turns: 2516, Time: 00:04:10

Health: -3/38      AC: 12    Str: 20    XL:     6   Next: 9%
Magic:  6/6        EV:  8    Int:  9    God:
Gold:   147        SH:  9    Dex: 10    Spells: 5/5 levels left

rFire    . . .     SeeInvis .   a - +0 flail
rCold    . . .     Gourm    .   c - +0 shield
rNeg     + . .     Faith    .   b - +0 scale mail
rPois    ∞         Spirit   .   (no helmet)
rElec    +         Reflect  .   f - +0 cloak
rCorr    .         Harm     .   (no gloves)
MR       .....                  (no boots)
Stlth    ..........             (no amulet)
Regen    0.2/turn               (no ring)
MPRegen  0.1/turn               (no ring)

@: no status effects
A: negative energy resistance 1, electricity resistance, unbreathing,
petrification resistance, rot immunity, AC +4
a: no special abilities


You were on level 3 of the Dungeon.
You were not hungry.

You visited 1 branch of the dungeon, and saw 3 of its levels.

You collected 147 gold pieces.

Inventory:

Hand Weapons
 a - a +0 flail (weapon)
Missiles
 h - 3 curare-tipped needles
Armour
 b - a +0 scale mail (worn)
 c - a +0 shield (worn)
 f - a +0 cloak (worn)
Scrolls
 e - a scroll of remove curse {unknown}
 g - a scroll of immolation {unknown}
 j - 3 scrolls of identify {unknown}
 l - 3 scrolls of amnesia {unknown}
 m - 2 scrolls of teleportation {unknown}
 o - a scroll of enchant armour {unknown}
Potions
 d - a potion of brilliance {unknown}
Comestibles
 i - 5 fruits
 k - 2 royal jellies
 n - a meat ration
 p - a bread ration


   Skills:
 + Level 3.7 Fighting
 + Level 4.0 Maces & Flails
 + Level 4.3 Armour
 + Level 1.0 Dodging
 + Level 4.6 Shields


You had 5 spell levels left.
You didn't know any spells.

Dungeon Overview and Level Annotations

Branches:
Dungeon (3/15)

Altars:


Innate Abilities, Weirdness & Mutations

You are resistant to torment.
Your stone body is resilient. (AC +4)
You are immune to poison.
You resist negative energy. (rN+)
You are resistant to electric shocks. (rElec)
You can survive without breathing.
You are immune to petrification.
You are immune to rotting.


Message History

The goblin is severely wounded.
The goblin hits you but does no damage.
You closely miss the goblin.
The goblin is severely wounded.
You block the goblin's attack.
You closely miss the goblin.
The goblin is severely wounded.
You block the goblin's attack.
You closely miss the goblin.
The goblin is severely wounded.
The goblin hits you but does no damage. You block the goblin's attack.
You thump the goblin!
You kill the goblin!
You hit something. You miss something. You hit the orc.
The orc is severely wounded.
The orc priest mumbles some strange prayers to Beogh against you.
Beogh smites you!
You die...

..###..........# # ##...##
..............## ####..#
..............## .# ##.#
...............# #.# #.#
...............##..# #.#
...............#..# #.#
..#...†..........# #.##
.............o.#########..#
....$.........wo@.........#
..............o############
...............#
...............#
................#
................#
................#
#######........#


You could see a worm, an orc priest and 2 orcs.

Vanquished Creatures
  Jessica (D:2)
  Natasha (thrice) (D:2)
  4 adders
  An ooze (D:2)
  3 worms
  3 dart slugs
  The ghost of popejerry the Firebug, a weakling HuFE (D:3)
  2 leopard geckos (D:2)
  A giant cockroach (D:3)
  10 goblins
  7 hobgoblins
  17 jackals
  9 kobolds
  8 bats
  3 frilled lizards
  9 rats
82 creatures vanquished.

Notes
Turn   | Place    | Note
-------+----------+-------------------------------------------
     0 | D:1      | vishdafish the Gargoyle Fighter began the quest for the Orb.
     0 | D:1      | Reached XP level 1. HP: 14/14 MP: 1/1
   331 | D:1      | Reached XP level 2. HP: 18/19 MP: 2/2
   472 | D:1      | Reached XP level 3. HP: 15/23 MP: 3/3
  1381 | D:2      | Noticed Jessica
  1385 | D:2      | Killed Jessica
  1385 | D:2      | Reached XP level 4. HP: 28/28 MP: 4/4
  1408 | D:2      | Found a faded altar of an unknown god.
  1444 | D:2      | Noticed Natasha
  1467 | D:2      | Killed Natasha
  1751 | D:2      | Reached XP level 5. HP: 30/32 MP: 5/5
  1933 | D:2      | Noticed Natasha
  1937 | D:2      | Killed Natasha
  1937 | D:2      | Reached skill level 1 in Dodging
  2020 | D:2      | Noticed Natasha
  2026 | D:2      | Killed Natasha
  2356 | D:3      | Noticed popejerry's ghost (weakling HuFE)
  2359 | D:3      | Killed popejerry's ghost
  2384 | D:3      | Reached XP level 6. HP: 37/37 MP: 6/6
  2516 | D:3      | Killed from afar by an orc priest

Skill      XL: |  1  2  3  4  5  6 |
---------------+-------------------+-----
Armour         | 4 |  4.3
Shields        | 4 |  4.6
Maces & Flails | 3 4 |  4.0
Dodging        | 1 |  1.0
Fighting       | |  3.7

Action                   |  1- 3 |  4- 6 || total
-------------------------+-------+-------++-------
Melee: Flail             |   146 |   172 ||   318
  Use: Potion            |       |     1 ||     1
  Eat: Bread ration      |     1 |     1 ||     2
Armor: Scale mail        |   111 |    82 ||   193
Dodge: Dodged            |    53 |    53 ||   106
Block: Shield            |   102 |    89 ||   191
